 Dungeon Crawl Stone Soup version 0.25.1-2-g60ff931df9 (webtiles) character file.

Game seed: 8608235884293271694

39 melloss the Sneak (level 3, -5/16 HPs)
             Began as a Spriggan Enchanter on Nov 12, 2020.
             Slain by a worm (12 damage)
             ... on level 2 of the Dungeon.
             The game lasted 00:03:24 (1663 turns).

melloss the Sneak (Spriggan Enchanter)              Turns: 1663, Time: 00:03:25

Health: -5/16      AC:  2    Str:  5    XL:     3   Next: 26%
Magic:  8/8        EV: 18    Int: 16    God:
Gold:   30         SH:  0    Dex: 16    Spells: 6/7 levels left

rFire    . . .     SeeInvis +   j - +3 short sword (elec)
rCold    . . .     Gourm    .   (shield restricted)
rNeg     . . .     Faith    .   b - +0 robe
rPois    .         Spirit   .   (helmet restricted)
rElec    .         Reflect  .   (no cloak)
rCorr    .         Harm     .   (gloves unavailable)
MR       .....                  (boots unavailable)
Stlth    +++.......             (no amulet)
HPRegen  0.05/turn              (no ring)
MPRegen  0.11/turn              (no ring)

@: very quick
A: very small, unfitting armour, see invisible, herbivore, speed 3, slow
metabolism 2
a: no special abilities


You were on level 2 of the Dungeon.
You were not hungry.

You visited 1 branch of the dungeon, and saw 2 of its levels.

You collected 30 gold pieces.

Inventory:

Hand Weapons
 a - a +1 dagger
 i - a +2 whip of draining
 j - a +3 short sword of electrocution (weapon)
Missiles
 g - 6 curare-tipped darts (quivered)
Armour
 b - a +0 robe (worn)
Scrolls
 e - a scroll of identify {unknown}
Potions
 c - a potion of brilliance {unknown}
 f - 3 potions of curing {unknown}
 h - a potion of lignification {unknown}
 k - a potion of flight {unknown}
 l - a potion of degeneration {unknown}
Comestibles
 d - 4 rations


   Skills:
 + Level 2.6 Short Blades
 - Level 3.0 Dodging
 + Level 5.7 Stealth
 - Level 2.6 Spellcasting
 - Level 3.6 Hexes


You had 6 spell levels left.
You knew the following spells:

 Your Spells              Type           Power        Failure   Level  Hunger
a - Corona                Hex            ##.....      4%          1    #......

Your spell library contained the following spells:

 Spells                   Type           Power        Failure   Level  Hunger
 Confusing Touch          Hex            ##......     13%         3    ###....
 Tukima's Dance           Hex            ##......     13%         3    ###....
 Ensorcelled Hibernation  Hex/Ice        #.....       14%         2    ##.....
 Dazzling Flash           Conj/Hex       #.....       28%         3    ###....


Dungeon Overview and Level Annotations

Branches:
Dungeon (2/15)

Altars:


Innate Abilities, Weirdness & Mutations

You are very small and have problems with some larger weapons.
You are too small for most types of armour.
You have supernaturally acute eyesight. (SInv)
You are a herbivore.
You cover ground extremely quickly.
You need to consume almost no food.


Message History

There is an open door here.
You open the door.
There is an open door here.
You open the door.
There is an open door here.
You now have 30 gold pieces (gained 16).
A worm comes into view.
An adder comes into view.
The adder hisses angrily.
You hit the worm.
The worm is lightly wounded.
The worm bites you!
Ouch! That really hurt!
You barely miss the worm.
The worm is lightly wounded.
You hit the worm.
The worm is heavily wounded.
The worm bites you!
Ouch! That really hurt!
You die...

#..........#####.######
#..........'..........#
#..........#####.####.#
###...###'##........#.#
#.... #.#......##.#.#
#.....#.#..######.#.#
...#...#...........#.#
...## ##############.#
.....Sw@.......#
################


You could see a worm and an adder.

Vanquished Creatures
  An adder (D:2)
  An ooze (D:1)
  4 bats
  A giant cockroach (D:1)
  4 goblins (D:1)
  3 hobgoblins (D:1)
  2 jackals (D:2)
  2 frilled lizards
  3 kobolds (D:1)
  2 rats (D:1)
23 creatures vanquished.

Notes
Turn   | Place    | Note
-------+----------+-------------------------------------------
     0 | D:1      | melloss the Spriggan Enchanter began the quest for the Orb.
     0 | D:1      | Reached XP level 1. HP: 9/9 MP: 5/5
   394 | D:1      | Reached skill level 5 in Stealth
   394 | D:1      | Reached XP level 2. HP: 3/13 MP: 6/6
  1495 | D:2      | Found a faded altar of an unknown god.
  1500 | D:2      | Reached XP level 3. HP: 15/16 MP: 8/8
  1663 | D:2      | Slain by a worm

Illustrated notes

Levels and vault maps discovered:
D:1:      dpeg_arrival_pits, layout_basic, minmay_misc_feat_tiny, minivault_14
D:2:      layout_basic, chequers_ecumenical_altar_simple, minmay_tetromino_t4

Skill      XL: |  1  2 |
---------------+-------+-----
Stealth        | 5 |  5.7
Short Blades   | 2 |  2.6
Dodging        | |  3.0
Spellcasting   | |  2.6
Hexes          | |  3.6

Action                   || total
-------------------------++-------
Melee: Dagger            ||    58
       Short sword       ||    20
       Whip              ||    12
 Stab: Sleeping          ||     7
       Distracted        ||     1
Armor: Robe              ||     9
Dodge: Dodged            ||    73
